 Dungeon Crawl Stone Soup version 0.21.0-3-g78d12a8 (webtiles) character file.

153 Megalobster the Chopper (level 5, -1/33 HPs)
             Began as a Tengu Berserker on Jan 17, 2018.
             Was a Believer of Trog.
             Slain by a gnoll
             ... wielding a +0 spear
              (2 damage)
             ... on level 4 of the Dungeon.
             The game lasted 00:06:19 (3148 turns).

Megalobster the Chopper (Tengu Berserker)           Turns: 3148, Time: 00:06:19

Health: -1/33      AC:  2    Str: 18    XL:     5   Next: 35%
Magic:  6/6        EV: 13    Int:  8    God:    Trog [**....]
Gold:   102        SH:  0    Dex: 15    Spells: 4/4 levels left

rFire    + . .     SeeInvis .   a - +0 hand axe
rCold    . . .     Gourm    .   (no shield)
rNeg     . . .     Faith    +   b - +0 animal skin
rPois    .         Spirit   .   (helmet restricted)
rElec    .         Reflect  .   (no cloak)
rCorr    .         Harm     .   (no gloves)
MR       .....                  (boots unavailable)
Stlth    +.........             k - amulet of faith
HPRegen  0.11/turn              p - ring of protection from fire
MPRegen  0.10/turn              e - +2 ring of dexterity

@: berserk cooldown, slowed, very slow
A: beak, talons 3, able to fly 1
a: Fly, Berserk, Trog's Hand, Burn Spellbooks, Renounce Religion


You were on level 4 of the Dungeon.
You worshipped Trog.
Trog was pleased with you.
You were not hungry.

You visited 1 branch of the dungeon, and saw 4 of its levels.

You collected 102 gold pieces.

Inventory:

Hand Weapons
 a - a +0 hand axe (weapon)
 w - a +0 trident of venom
Armour
 b - a +0 animal skin (worn)
 t - a +0 helmet
Jewellery
 e - a +2 ring of dexterity (right hand)
 k - an amulet of faith (around neck)
 p - a ring of protection from fire (left hand)
Scrolls
 d - 3 scrolls of remove curse {@r2}
 f - 2 scrolls of blinking {unknown}
 h - 2 scrolls of teleportation
 i - a scroll of random uselessness {unknown}
 l - a scroll of enchant weapon {unknown}
 m - a scroll of identify {unknown}
 n - 2 scrolls of magic mapping {unknown}
 x - 3 scrolls of enchant armour {unknown}
Potions
 g - a potion of agility
 j - a potion of haste
 o - a potion of flight
 q - 2 potions of cancellation {unknown}
 r - a potion of heal wounds {unknown}
 s - a potion of mutation {unknown}
 u - a potion of curing {@q1}
 v - 2 potions of magic {unknown}
Comestibles
 c - 6 rations


   Skills:
 + Level 3.7 Fighting
 * Level 4.8 Axes
 + Level 3.3 Armour
 + Level 3.2 Dodging


You had 4 spell levels left.
You didn't know any spells.

Dungeon Overview and Level Annotations

Branches:
Dungeon (4/15)             Temple (0/1) D:4

Altars:
Dithmenos
Elyvilon
Gozag
Okawaru
Qazlal
Zin

Shops:
D:4 (


Innate Abilities, Weirdness & Mutations

You have a beak for a mouth.
You have claws for feet.
You can fly.


Message History

You slash the gnoll! Your kick misses the gnoll. You peck the gnoll.
You kill the gnoll!
Trog accepts your kill.
Things that are here:
a halberd; a gnoll corpse You feel a strong urge to attack something.
A gnoll and an orc come into view.
You are no longer berserk.
You are exhausted.
You feel yourself slow down.
The orc shouts!
You hear a shout! x2
The gnoll hits you with a spear.
* * * LOW HITPOINT WARNING * * *
You now have 4/33 hp.
You hit the gnoll. You claw the gnoll.
The gnoll is heavily wounded.
You hit the gnoll. The gnoll hits you with a spear.
* * * LOW HITPOINT WARNING * * *
The gnoll completely misses you. The gnoll hits you with a spear.
You die...

............#
#.#....._...#
#...#.......#
#.#.#.......#
##.......<..#
#.#.##.....##
............###.#.###...##
##.##.......#...#.# #####
##.###.######.....# ##.#
...####...)## ##.#
##........)# #..#
#####...@# ..##
#...gg.....# ###
#..........# #
#..........# #####
##.........# ....#
%..o......# ....#
...........# ....#
............# ....#


You could see 2 gnolls and an orc.

Vanquished Creatures
  A worker ant (D:3)
  2 gnolls (D:4)
  3 adders
  2 worms
  A dart slug (D:1)
  4 leopard geckos
  An orc (D:3)
  2 giant cockroaches
  10 hobgoblins
  6 jackals
  6 kobolds
  A quokka (D:3)
  8 bats
  6 frilled lizards
  9 goblins
  A quokka skeleton (D:3)
  7 rats
70 creatures vanquished.

Notes
Turn   | Place    | Note
-------+----------+-------------------------------------------
     0 | D:1      | Megalobster the Tengu Berserker began the quest for the Orb.
     0 | D:1      | Reached XP level 1. HP: 14/14 MP: 2/2
   155 | D:1      | Reached XP level 2. HP: 17/19 MP: 3/3
   863 | D:1      | Reached XP level 3. HP: 23/23 MP: 4/4
  1174 | D:2      | Reached ** piety under Trog
  1287 | D:2      | Reached skill level 4 in Axes
  1534 | D:2      | Found a faded altar of an unknown god.
  1768 | D:2      | Reached XP level 4. HP: 28/28 MP: 5/5
  1961 | D:3      | Found a stormy altar of Qazlal.
  2033 | D:3      | Found a glowing silver altar of Zin.
  2033 | D:3      | Found a white marble altar of Elyvilon.
  2035 | D:3      | Found an opulent altar of Gozag.
  2410 | D:3      | Gained mutation: You can fly. [Tengu growth]
  2410 | D:3      | Reached XP level 5. HP: 10/32 MP: 6/6
  2873 | D:3      | Found an iron altar of Okawaru.
  2888 | D:4      | Found Syheqyon's Weapon Shop.
  3072 | D:4      | Found a staircase to the Ecumenical Temple.
  3127 | D:4      | Found a shadowy altar of Dithmenos.
  3148 | D:4      | HP: 1/33 [gnoll/spear (3)]
  3148 | D:4      | Slain by a gnoll

Skill      XL: |  1  2  3  4 |
---------------+-------------+-----
Axes           | 4 |  4.8
Armour         | 3 |  3.3
Dodging        | 3 |  3.2
Fighting       | |  3.7

Action                   |  1- 3 |  4- 6 || total
-------------------------+-------+-------++-------
Melee: Hand axe          |    78 |    64 ||   142
       Kick              |    14 |    19 ||    33
       Peck              |     9 |     7 ||    16
Invok: Berserk           |     1 |     3 ||     4
       Trog's Hand       |     1 |     1 ||     2
       Burn Spellbooks   |       |     1 ||     1
  Use: Scroll            |       |     2 ||     2
       Potion            |       |     5 ||     5
  Eat: Chunk             |     3 |     3 ||     6
       Ration            |       |     2 ||     2
Armor: Animal skin       |    26 |     5 ||    31
Dodge: Dodged            |    51 |    58 ||   109
